AoeStats
← mahesh07pc

Arabian Desert

510113898Analyzed
1v1 RM · 3d ago on Sep 29, 2026· 46m 52s· 2 players
Game mode
Random Map
Map size
Tiny (2 player)
Population
200
Speed
Normal
Resources
Standard
Victory
Conquest
Starting age
Dark Age
Ending age
Imperial Age
RankedLock teamsTeams togetherTeam positionsShared explorationLock speedFull tech treeHidden civsTurbo modeCheats
Victory
Defeat
🇹🇼 Saxons · Taiwan
946
+16
🇮🇳 Britons · India
949
-46
danicick
11:35 Feudal Age
9:51 Loom
12:52 Wheelbarrow
12:08 Double-Bit Axe
14:42 Gold Mining
18:45 Castle Age
16:48 Stone Mining
17:47 Forging
18:08 Scale Mail Armor
18:34 Fletching
22:36 Hand Cart
22:41 Bow Saw
24:24 Bow Saw
25:53 Sanctity
27:52 Padded Archer Armor
27:48 Bodkin Arrow
28:12 Redemption
29:23 Chain Mail Armor
28:54 Elite Skirmisher
29:52 Leather Archer Armor
30:39 Squires
30:25 Gambesons
31:13 Scale Barding Armor
33:00 Iron Casting
33:08 Gold Shaft Mining
33:14 Atonement
32:38 Clerical Recruitment
33:03 Pikeman
33:29 Arson
33:29 Horse Collar
39:13 Imperial Age
37:35 Devotion
37:00 Crossbowman
39:16 Shield Wall
40:17 Conscription
40:30 Block Printing
41:28 Two-Man Saw
41:54 Conscription
42:27 Ring Archer Armor
43:34 Capped Ram
46:07 Illumination
46:20 Bracer
mahesh07pc
5:05 Loom
10:27 Feudal Age
12:16 Wheelbarrow
14:24 Gold Mining
15:23 Double-Bit Axe
15:46 Horse Collar
15:56 Horse Collar
21:09 Castle Age
21:22 Crossbowman
21:35 Pikeman
23:03 Squires
23:03 Stone Mining
23:10 Fletching
24:08 Bow Saw
25:18 Fervor
25:51 Bodkin Arrow
28:03 Hand Cart
32:06 Yeomen
32:05 Heavy Plow
39:48 Imperial Age
37:34 Forging
37:25 Padded Archer Armor
37:02 Light Cavalry
38:51 Iron Casting
38:18 Scale Mail Armor
38:24 Scale Barding Armor
38:08 Town Watch
40:28 Leather Archer Armor
40:18 Scale Mail Armor
40:24 Scale Barding Armor
41:49 Hoardings
41:42 Bracer
44:38 Blast Furnace
45:36 Ring Archer Armor
45:14 Murder Holes
45:42 Ballistics
Connection lost

Rejoining the realm…

Still unreachable

The connection could not be restored.

Session expired

The server has moved on; the page needs a fresh start.